 Dungeon Crawl Stone Soup version 0.30-a0-702-gdf48620a09 (webtiles) character file.

Game seed: 7627017358607018437

299 KennySheep the Conjurer (level 6, -2/34 HPs)
             Began as a Deep Elf Conjurer on Jan 22, 2023.
             Slain by an orc
             ... wielding a +0 flail
              (5 damage)
             ... on level 4 of the Dungeon.
             The game lasted 00:04:58 (3417 turns).

KennySheep the Conjurer (Deep Elf Conjurer)         Turns: 3417, Time: 00:04:59

Health: -2/34      AC:  3    Str: 10    XL:     6   Next: 13%
Magic:  13/15      EV: 12    Int: 25    God:
Gold:   178        SH:  0    Dex: 13    Spells: 7/14 levels left

rFire   . . .      SeeInvis .    d - +0 dagger
rCold   . . .      Faith    .    (no shield)
rNeg    . . .      Spirit   .    a - +0 robe
rPois   .          Reflect  .    f - +0 helmet
rElec   .          Harm     .    (no cloak)
rCorr   .          Rampage  .    (no gloves)
Will    .....                    (no boots)
Stlth   ++                       (no amulet)
HPRegen 0.25/turn                m - +6 ring of strength
MPRegen 0.14/turn                (no ring)

@: slowed, very slow
A: no striking features
a: no special abilities


You were on level 4 of the Dungeon.
You visited 1 branch of the dungeon, and saw 4 of its levels.

You collected 178 gold pieces.

Inventory:

Hand Weapons
 d - a +0 dagger (weapon)
Armour
 a - a +0 robe (worn)
 f - a +0 helmet (worn)
Jewellery
 m - a +6 ring of strength (left hand)
Scrolls
 h - a scroll of enchant armour
 i - a scroll of poison
Potions
 b - a potion of magic
 g - a potion of berserk rage {unknown}
 j - 2 potions of flight {unknown}
 k - a potion of curing {unknown}
 l - a potion of ambrosia {unknown}


   Skills:
 + Level 1.1 Fighting
 - Level 2.4 Dodging
 - Level 2.4 Stealth
 + Level 4.6 Spellcasting
 * Level 6.1 Conjurations
 * Level 4.5 Hexes


You had 7 spell levels left.
You knew the following spells:

 Your Spells              Type           Power      Damage    Failure   Level
a - Magic Dart            Conj           100%       1d8       1%          1
b - Searing Ray           Conj           72%        2d7       1%          2
c - Fulminant Prism       Conj/Hex       16%        3d10      10%         4

Your spell library contained the following spells:

 Spells                   Type           Power      Damage    Failure   Level
 Dazzling Flash           Conj/Hex       64%        N/A       3%          3
 Iskenderun's Mystic Bla  Conj/Tloc      21%        2d6       24%         4


Dungeon Overview and Level Annotations

Branches:
Dungeon (4/15)
 Temple: D:4-7

Altars:
Kikubaaqudgha
Wu Jian


Message History

Natasha is almost dead.
Okay, then.
You hit Natasha.
Natasha is almost dead.
Natasha claws you but does no damage.
An orc comes into view. It is wielding a +0 flail.
The crimson imp blinks!
The white imp hits you but does no damage.
You barely miss Natasha.
Natasha is almost dead.
Natasha claws you but does no damage.
The white imp hits you but does no damage.
The orc shouts!
You hit Natasha but do no damage.
Natasha is almost dead.
You feel less wooden.
Your +0 helmet unmelds from your body.
Your +0 robe unmelds from your body.
Natasha claws you. The white imp gestures at you. The puff of frost hits you!
* * * LOW HITPOINT WARNING * * *
Magic courses through your body.
Natasha stares at you and mumbles some strange words.
You feel yourself slow down. The white imp gestures at you.
The puff of frost hits you!
* * * LOW HITPOINT WARNING * * *
Casting: Magic Dart (safe; 1% risk of failure)
Confirm with . or Enter, or press ? or * to list all spells.
Aiming: Searing Ray (safe; 1% risk of failure)
Press: ? - help, Shift-Dir - straight line, f/p - Natasha
Aim: Natasha (almost dead, 76% to hit)
The searing ray hits Natasha!
You kill Natasha!
Natasha yowls pathetically as she dies!
The white imp disappears in a puff of smoke!
The crimson imp disappears in a puff of smoke! (Press . to maintain the ray.)
The orc hits you with a +0 flail.
You die...

,,,,.................,#.#........
<,,,.............$.#,***#....†...
,,,,_.......h.....##** #.........
,,,,.......o[......# ###.......
,,,,...............## ####.......
,,,,................###.#........
,,,,...........#........[........
,,,,........#####§..............#
,,,,..#......#.o@..§............#
,,,,,*###........#...##.#........
,,*,** ##.#....##......#.##...##
*,*** ######...>........#...##
*,* #..#.........#...# *,*
##.#........#...## *,*
#.#........#..## *,*
#..##........## *,*
##.###.......##


You could see an orc.

Vanquished Creatures
  A hound (D:4)
  An orc priest (D:4)
  An iguana (D:3)
  Natasha (twice) (D:4)
  An orc wizard (D:3)
  7 adders
  4 worms
  2 dart slugs
  8 orcs
  6 endoplasms
  5 giant cockroaches
  7 goblins
  8 hobgoblins
  3 jackals (D:2)
  3 quokkas
  4 ball pythons
  5 bats
  2 frilled lizards (D:1)
  5 kobolds
  9 rats
84 creatures vanquished.

Notes
Turn   | Place    | Note
-------+----------+-------------------------------------------
     0 | D:1      | KennySheep the Deep Elf Conjurer began the quest for the
                  | Orb.
     0 | D:1      | Reached XP level 1. HP: 10/10 MP: 6/6
   151 | D:1      | Reached skill level 1 in Hexes
   238 | D:1      | Reached XP level 2. HP: 15/15 MP: 6/8
   893 | D:1      | Reached XP level 3. HP: 19/19 MP: 7/9
  1379 | D:2      | Found a faded altar of an unknown god.
  1394 | D:2      | Reached skill level 5 in Conjurations
  1760 | D:2      | Reached XP level 4. HP: 24/24 MP: 8/11
  1763 | D:2      | Learned a level 2 spell: Searing Ray
  1768 | D:2      | Learned a level 4 spell: Fulminant Prism
  2708 | D:3      | Reached XP level 5. HP: 28/28 MP: 3/13
  3010 | D:3      | Found an ornate altar of the Wu Jian Council.
  3268 | D:4      | Reached skill level 1 in Fighting
  3369 | D:4      | Found an ancient bone altar of Kikubaaqudgha.
  3377 | D:4      | Noticed Natasha
  3389 | D:4      | Killed Natasha
  3390 | D:4      | Reached skill level 6 in Conjurations
  3390 | D:4      | Reached XP level 6. HP: 34/34 MP: 6/14
  3402 | D:4      | Noticed Natasha
  3417 | D:4      | Killed Natasha
  3417 | D:4      | Slain by an orc

Illustrated notes

Levels and vault maps discovered:
D:1:      amcnicky_arrival_wind_blow, layout_basic
D:2:      layout_basic, basic_ecumenical_altar,
          nicolae_concentric_dashed_squares_mild, kennysheep_big_empty_room,
          nicolae_kite_square_tiling_tiny
D:3:      layout_rooms, nzn_wu_jian_council_hall
D:4:      layout_cave_pools, mainiacjoe_overflow_paths,
          grunt_temple_overflow_open, minmay_pentangle, uniq_natasha

Skill      XL: |  1  2  3  4  5 |
---------------+----------------+-----
Hexes          | 1 2 3 4 |  4.5
Conjurations   | 5 6 |  6.1
Spellcasting   | 4 |  4.6
Fighting       | 1 |  1.1
Dodging        | |  2.4
Stealth        | |  2.4

Action                   |  1- 3 |  4- 6 || total
-------------------------+-------+-------++-------
Melee: Dagger            |    11 |     4 ||    15
 Cast: Magic Dart        |    83 |    79 ||   162
       Searing Ray       |       |     7 ||     7
  Use: Scroll            |       |     3 ||     3
       Potion            |       |     3 ||     3
Armor: Robe              |     2 |       ||     2
       Skin              |       |     9 ||     9
Dodge: Dodged            |    11 |     7 ||    18

Table legend: (Time is in decaauts)
 A = Elapsed time spent in this place.
 B = Non-inter-level travel time spent in this place.
 C = Inter-level travel time spent in this place.
 D = Time resting spent in this place.
 E = Time spent auto-exploring this place.
 F = Levels seen in this place.
 G = Mean time per level.
                   A        B        C        D        E       F      G
               +--------+--------+--------+--------+--------+-----+--------+
         Total |   3421 |   3333 |     88 |      4 |   2943 |   4 |  855.2 |
       Dungeon |   3421 |   3333 |     88 |      4 |   2943 |   4 |  855.2 |
               +--------+--------+--------+--------+--------+-----+--------+

Top non-repeatable levels by time:
     D:1: 1378 daAuts
     D:2: 1104 daAuts
     D:3: 718 daAuts
     D:4: 219 daAuts
